[Event "44th Chess Olympiad Women 2022"]
[Site "Chennai"]
[Date "2022.07.30"]
[Round "2.35"]
[White "Thurner, Anya"]
[Black "Nguyen, Thu Giang"]
[Result "0-1"]
[ECO "B20"]
[WhiteElo "1619"]
[BlackElo "2119"]
[Annotator "TA"]
[PlyCount "90"]
[EventDate "2022.07.29"]
[EventType "team-tourn"]
[EventCountry "IND"]
[SourceTitle "playchess.com"]
[Source "ChessBase"]
[SourceQuality "1"]
[WhiteTeam "New Zealand"]
[BlackTeam "Australia"]
[WhiteTeamCountry "NZL"]
[BlackTeamCountry "AUS"]
[TimeControl "40/5400+30:1800+30"]

1. e4 c5 2. b3 g6 3. Bb2 Nf6 4. Nc3 Bg7 5. d3 O-O 6. g3 {[%emt 0:00:36] [#] B20: Sicilian: Unusual White 2nd moves.} d5 $146 ({Predecessor:} 6... Nc6 7. Nge2 d6 8. Bg2 Rb8 9. f4 Ng4 10. Qd2 Nd4 11. h3 Ne3 12. Nxd4 Nxg2+ 13. Qxg2 Bxd4 {0-1 (30) Diyap,M (2066)-Reuker,J (1948) Naumburg Saale 2014}) 7. Bg2 dxe4 (7... d4 $5 8. Nce2 Qa5+ 9. Kf1 Nc6 $15) 8. dxe4 {[%emt 0:03:07] The position is equal.} Qa5 9. Nge2 Rd8 10. Qc1 Nc6 11. O-O e5 (11... Nd4 $1 $15) 12. h3 Nd4 (12... b5 {looks sharper.} 13. f4 b4 14. fxe5 Nxe5 15. Na4 c4) 13. Nxd4 (13. f4 $11 {keeps the balance.}) 13... cxd4 $17 14. Ne2 b6 15. Qe1 Qc5 16. Qd2 (16. c4 $17) 16... Ba6 17. Rfe1 (17. Rfd1 $17) 17... Rac8 $19 18. Rac1 h5 19. c4 Bb7 20. Qd3 Qe7 21. Rcd1 Nd7 22. Nc1 Bh6 23. Qe2 Bxc1 (23... h4 $17 {White must now prevent ...hxg3.} 24. Nd3 Re8) 24. Bxc1 $15 Nc5 25. Ba3 a5 26. f4 Kg7 27. Bb2 Rc7 28. Qf2 f6 29. Qe2 h4 (29... a4 $17 30. Qc2 axb3 31. axb3 Kg8) 30. g4 (30. Qg4 $11 {remains equal.}) 30... Rcd7 31. fxe5 fxe5 32. Qf2 (32. Ba3 $142) 32... Rf8 $17 33. Qe2 Ne6 34. Bc1 Rfd8 (34... Nf4 $19 {and Black stays clearly on top.} 35. Bxf4 Rxf4) 35. Rf1 Rf8 (35... g5 $17) 36. Rd3 ({Reject} 36. Qd2 Nf4 $17) (36. Rfe1 $1 $11) 36... Rxf1+ 37. Bxf1 (37. Qxf1 $17 Qd6 38. Rd2) 37... Nc5 $19 38. Rd1 (38. Qd2 $142 Kg8 39. Qh6) 38... Nxe4 {[%emt 0:01:05] [#] Strongly threatening ...Nc3.} 39. Re1 (39. Qb2 $142 Nc3 40. Re1) 39... d3 40. Qe3 d2 {[%emt 0:00:14] Active counter play!} 41. Bxd2 Nxd2 42. Bg2 {[%emt 0:02:09] Inhibits Nf3+.} Bxg2 43. Kxg2 e4 44. Qc3+ Qf6 45. Qe3 Rd3 {[%emt 0:00:00] Weighted Error Value: White=0.80/Black=0.27 (precise)} 0-1

[Event "44th Chess Olympiad Women 2022"]
[Site "Chennai"]
[Date "2022.07.30"]
[Round "2.36"]
[White "Librelato, Kathie Goulart"]
[Black "Almanzar Vasquez, Jeniffer Maria"]
[Result "1-0"]
[ECO "C78"]
[WhiteElo "2255"]
[BlackElo "1762"]
[Annotator "TA"]
[PlyCount "51"]
[EventDate "2022.07.29"]
[EventType "team-tourn"]
[EventCountry "IND"]
[SourceTitle "playchess.com"]
[Source "ChessBase"]
[SourceQuality "1"]
[WhiteTeam "Brazil"]
[BlackTeam "Dominican Republic"]
[WhiteTeamCountry "BRA"]
[BlackTeamCountry "DOM"]
[TimeControl "40/5400+30:1800+30"]

1. e4 e5 2. Nf3 Nc6 3. Bb5 a6 4. Ba4 Nf6 5. O-O Bc5 6. Nxe5 Nxe5 7. d4 b5 8. Bb3 Bxd4 9. Qxd4 d6 10. f4 c5 {[%emt 0:02:36] C78: Ruy Lopez: Archangelsk and Möller Defences.} 11. Qc3 Neg4 {[%emt 0:39:51] ...c4 is the strong threat.} ({Don't take} 11... Nxe4 12. Qe1 Bb7 13. Nc3 (13. fxe5 c4 $14) 13... Nxc3 14. Bxf7+ (14. bxc3 c4 $14) (14. Qxc3 c4 $11) 14... Kxf7 15. fxe5+ Kg8 16. Qxc3 dxe5 17. Qxe5 $14) 12. e5 c4 {[%emt 0:08:01] The position is equal.} 13. exf6 {[%emt 0:04:48] [#]} Nxf6 $146 (13... O-O $1 $11 14. fxg7 Re8) ({Predecessor:} 13... O-O 14. Bxc4 Qb6+ 15. Kh1 bxc4 16. fxg7 Re8 17. h3 Nf2+ 18. Kh2 Bb7 19. Qd2 Ne4 {½-½ (49) Staniszewski,J (2464)-Gavrilakis,N (2475) ICCF email 2009}) 14. Re1+ Kf8 {[%emt 0:03:24] [#]} 15. Bxc4 bxc4 16. Qxc4 Bb7 17. Qd4 {[%emt 0:14:55] White is more active.} Qc7 18. Nd2 Re8 19. Rxe8+ Kxe8 20. Nc4 Ke7 21. Bd2 {[%emt 0:00:44] Strongly threatening Bb4.} Qc5 {[%emt 0:06:56] Inhibits Bb4.} 22. Re1+ Kd7 (22... Ne4 $16 23. Qxc5 dxc5) 23. Ne5+ Kc8 (23... Kc7 {is a better defense.} 24. Qxc5+ dxc5 25. Nxf7 Re8 26. Ba5+ Kb8) 24. Qxc5+ $18 dxc5 25. Nxf7 Kb8 $2 (25... Rg8 26. Re7 Kb8) 26. Nxh8 {[%emt 0:00:10] Black got outplayed after the opening.  Weighted Error Value: White=0.08 (flawless) /Black=0.42} 1-0

[Event "44th Chess Olympiad Women 2022"]
[Site "Chennai"]
[Date "2022.07.30"]
[Round "2.36"]
[White "Bail, Ellen Larissa"]
[Black "Munoz Santana, Doribel"]
[Result "1-0"]
[ECO "D02"]
[WhiteElo "1892"]
[BlackElo "1851"]
[Annotator "NA RC COMBH"]
[PlyCount "109"]
[EventDate "2022.07.29"]
[EventType "team-tourn"]
[EventCountry "IND"]
[SourceTitle "playchess.com"]
[Source "ChessBase"]
[SourceQuality "1"]
[WhiteTeam "Brazil"]
[BlackTeam "Dominican Republic"]
[WhiteTeamCountry "BRA"]
[BlackTeamCountry "DOM"]
[TimeControl "40/5400+30:1800+30"]

1. d4 d5 2. Nf3 Nf6 3. g3 Nc6 4. Bg2 Bf5 5. c4 dxc4 6. Qa4 Qd7 7. O-O Bh3 8. Qxc4 Bxg2 9. Kxg2 Qd5 10. Qxd5 Nxd5 11. e4 Ndb4 12. Na3 Nd3 13. d5 Ncb4 14. Nb5 Na6 15. Rd1 Ndc5 16. e5 e6 17. d6 c6 18. Nc3 Nd7 19. Re1 Nb4 20. Re2 Nd3 21. Bf4 h6 22. Rd1 Nb4 23. Nd4 g5 24. Bd2 Bg7 25. f4 h5 26. Ncb5 Na6 27. Nc3 Nac5 28. b4 Nd3 29. Rb1 Bh6 30. Re3 gxf4 31. Rxd3 Nxe5 32. Rf3 Nxf3 33. Nxf3 fxg3 34. Bxh6 Rxh6 35. hxg3 f6 36. Rd1 Kd7 37. Ne4 b6 38. a4 Rg8 39. Kf2 Rg4 40. Ke3 Rhg6 41. a5 Rxe4+ 42. Kxe4 Rg4+ 43. Ke3 Rxb4 44. axb6 axb6 45. Nh4 Rb3+ 46. Kf2 Rb2+ 47. Kf3 b5 48. Ng6 Rb3+ 49. Kf2 Rb2+ 50. Ke1 Rh2 51. Nf8+ Kd8 52. Nxe6+ Kd7 53. Nc5+ Kd8 54. Rd3 Rc2 55. Ne6+ 1-0

[Event "44th Chess Olympiad Women 2022"]
[Site "Chennai"]
[Date "2022.07.30"]
[Round "2.36"]
[White "Rosario Almanzar, Raydily"]
[Black "Alboredo, Julia"]
[Result "0-1"]
[ECO "B23"]
[WhiteElo "1882"]
[BlackElo "2264"]
[Annotator "TA"]
[PlyCount "70"]
[EventDate "2022.07.29"]
[EventType "team-tourn"]
[EventCountry "IND"]
[SourceTitle "playchess.com"]
[Source "ChessBase"]
[SourceQuality "1"]
[WhiteTeam "Dominican Republic"]
[BlackTeam "Brazil"]
[WhiteTeamCountry "DOM"]
[BlackTeamCountry "BRA"]
[TimeControl "40/5400+30:1800+30"]

1. e4 c5 2. Nc3 Nc6 3. Bb5 Nd4 4. Nf3 a6 5. Bd3 Nc6 6. a4 {[%emt 0:08:54] B23: Closed Sicilian: Lines without g3.} d6 {[%emt 0:00:57] [#]} 7. h3 $146 ({Predecessor:} 7. Bc4 Nf6 8. h3 e6 9. Qe2 Be7 10. d3 O-O 11. O-O b6 12. Bg5 Bb7 13. Rad1 {0-1 (35) Lopez Gomez,J (2052)-Sivuk,V (2547) Platja d'Aro 2021}) 7... g6 8. O-O {[%emt 0:01:22] The position is equal.} Bg7 9. Qe2 e6 10. Nd1 Nge7 11. c3 O-O 12. Bc2 Rb8 13. d3 b5 14. axb5 axb5 15. Bg5 b4 16. d4 bxc3 (16... cxd4 {with more complications.} 17. cxd4 Nxd4 18. Nxd4 Bxd4 19. Qd2 Bg7) 17. bxc3 cxd4 (17... h6 {keeps more tension.} 18. Be3 cxd4 19. Nxd4 Bb7) 18. cxd4 Nxd4 19. Nxd4 Bxd4 20. Ra4 Bg7 21. Ne3 Bd7 22. Ra7 f6 23. Bf4 (23. Bh4 $1 $15) 23... Nc6 $17 24. Ra3 e5 25. Bg3 Nd4 $36 {[%emt 0:00:33][%mdl 2048] Black has strong initiative.} 26. Qa6 (26. Qd2) 26... Bb5 $19 {[%emt 0:01:01] Black is clearly winning.} 27. Qa5 Qxa5 28. Rxa5 Bxf1 29. Kxf1 Rfc8 30. Bd1 Rc1 {[%emt 0:00:31] [#] Strongly threatening ...Bh6.} 31. Ke1 Bh6 {[%emt 0:03:18] aiming for ...Rb2.} 32. Kd2 Rbb1 33. Ra8+ Kf7 34. Ra7+ Kf8 {[%emt 0:00:37] [#] ( -> ...Rxd1+)} 35. Ba4 Rc8 {[%emt 0:02:35] Prevents Ra8.  Weighted Error Value: White=0.48/Black=0.10 (very precise)} 0-1

[Event "44th Chess Olympiad Women 2022"]
[Site "Chennai"]
[Date "2022.07.30"]
[Round "2.36"]
[White "Diaz Cesar, Wilsaida Pieranlly"]
[Black "Terao, Juliana Sayumi"]
[Result "0-1"]
[ECO "A09"]
[WhiteElo "1834"]
[BlackElo "2223"]
[Annotator "TA"]
[PlyCount "48"]
[EventDate "2022.07.29"]
[EventType "team-tourn"]
[EventCountry "IND"]
[SourceTitle "playchess.com"]
[Source "ChessBase"]
[SourceQuality "1"]
[WhiteTeam "Dominican Republic"]
[BlackTeam "Brazil"]
[WhiteTeamCountry "DOM"]
[BlackTeamCountry "BRA"]
[TimeControl "40/5400+30:1800+30"]

1. Nf3 d5 2. c4 d4 3. b4 f6 4. e3 e5 5. Bb2 dxe3 $1 (5... Bxb4 6. exd4 exd4 7. Nxd4 $11 (7. Qe2+ Kf7 $17)) 6. fxe3 {[%emt 0:02:10] A09: Réti Opening: 1 Nf3 d5 2 c4.} Bxb4 7. Qb3 {[%emt 0:16:55] [#]} (7. a3 $15 Be7 8. d4) 7... Qe7 $146 ({Predecessor:} 7... Nc6 8. Bd3 Nge7 9. Be4 O-O 10. O-O Be6 11. d4 exd4 12. exd4 b5 13. Qc2 Bxc4 14. Bxh7+ {0-1 (35) Royet,G-Barros,R (2105) Barranquilla 2000}) 8. Be2 {[%emt 0:05:04] Black is slightly better.} Nh6 9. O-O {[%emt 0:11:36] [#]} Nf7 ({Black should try} 9... c5 $1 $17) 10. a3 (10. d4 $11 {is superior.}) 10... Bd6 (10... Ba5 $1 $15) 11. Nc3 c6 12. d4 O-O ({Don't play} 12... exd4 13. exd4 Bc7 14. Rae1 $16) 13. c5 Bc7 14. Bc4 {[%emt 0:09:49][%cal Of3e5] aiming for Nxe5!} Kh8 15. Rae1 {[%emt 0:11:15] [#]} (15. Ne4 $11) 15... Nd7 $1 $17 16. Rf2 b6 17. Ref1 {[%emt 0:03:25] White does not recover from this.} (17. cxb6 $15 axb6 18. a4) 17... bxc5 $19 18. Bxf7 Qxf7 (18... Rxf7 19. Ng5 Rf8 20. Qe6 Qxe6 21. Nxe6 $15) 19. Qxf7 Rxf7 20. Ng5 (20. dxe5 {was called for.} Bxe5 21. Nxe5 Nxe5 22. Rd2) 20... Re7 ({Much less strong is} 20... fxg5 21. Rxf7 h5 22. dxc5 $18) 21. d5 Nb6 ({Weaker is} 21... Ba6 22. Rd1 $17) 22. dxc6 (22. d6 Bxd6 23. Nce4) 22... Ba6 {[%emt 0:00:25] Black is clearly winning.} 23. Nge4 Bxf1 24. Rxf1 Re6 {[%emt 0:01:12] Weighted Error Value: White=0.35/Black=0.12 (very precise)} 0-1

[Event "44th Chess Olympiad Women 2022"]
[Site "Chennai"]
[Date "2022.07.30"]
[Round "2.37"]
[White "Newrkla, Katharina"]
[Black "Ortez, Andrea"]
[Result "1/2-1/2"]
[ECO "B36"]
[WhiteElo "2265"]
[BlackElo "1908"]
[Annotator "TA"]
[PlyCount "132"]
[EventDate "2022.07.29"]
[EventType "team-tourn"]
[EventCountry "IND"]
[SourceTitle "playchess.com"]
[Source "ChessBase"]
[SourceQuality "1"]
[WhiteTeam "Austria"]
[BlackTeam "El Salvador"]
[WhiteTeamCountry "AUT"]
[BlackTeamCountry "ESA"]
[TimeControl "40/5400+30:1800+30"]

1. e4 c5 2. Nf3 Nc6 3. d4 cxd4 4. Nxd4 g6 5. c4 Nf6 6. Nc3 Nxd4 7. Qxd4 d6 8. f3 Bg7 9. Be3 O-O 10. Qd2 a5 {[%emt 0:01:03] B36: Sicilian: Maroczy Bind: Gurgenidze System.} 11. b3 a4 {[%emt 0:08:42] 11...a4 scores better than 11...Bd7.} 12. b4 Be6 {[%emt 0:01:37] White is slightly better.} 13. Rc1 Nd7 14. Be2 f5 ({Black should try} 14... Rc8 $14) 15. exf5 $16 {[%emt 0:07:19] [#]} Rxf5 $146 ({Predecessor:} 15... gxf5 16. O-O Bf7 17. Rfd1 Nb6 18. Nd5 Nxd5 19. cxd5 Qd7 20. Bd4 Bxd4+ 21. Qxd4 Rfc8 {½-½ (36) Golubov,S (2382)-Torma,R (2417) Budapest 2014}) 16. Nb5 Ne5 (16... Rf8 $16) 17. Nd4 $1 $18 Qd7 (17... Rf6 {is a better defense.} 18. Nxe6 Rxe6) 18. f4 Nc6 19. Nxf5 gxf5 20. b5 Nd8 21. Bd4 Bxd4 22. Qxd4 Bf7 23. Rc3 Ne6 24. Rg3+ Bg6 25. Qd5 Kf8 26. O-O Nc5 27. Qd4 Rc8 28. Bf3 Qc7 (28... Qe6 $142 29. h4 Qf6 30. Qxf6+ exf6) 29. Re1 Kf7 30. h4 Ke8 31. h5 Bf7 32. Qh8+ Kd7 33. Qxh7 Be6 34. Rg7 Re8 35. Bd5 Qa5 36. Re2 Qc3 37. Qh6 (37. Kh2 $142 Qd4 38. Bxe6+ Nxe6 {[#]} 39. Qxf5 $1 Qxf4+ 40. Qxf4 Nxf4 41. Rf2) 37... Bxd5 38. cxd5 {[%emt 0:00:08] Really sharp!} Qd4+ $2 (38... Qd3 {was called for.} 39. Re1 Qd2) 39. Kh2 {[%emt 0:00:19] [#] Strongly threatening Qg5.} Qxd5 40. Qh7 Ne6 (40... Ne4 $142 41. Rf7 Qxb5) 41. Rg8 Rxg8 42. Qxg8 {[%emt 0:00:07][%mdl 4096] Endgame KQR-KQN} Qc4 {[%emt 0:02:34] Prevents Rc2.} 43. Rf2 Qd4 44. Qg3 Nc5 45. Re2 Ne4 46. Qe3 Qf6 47. Qh3 {[%emt 0:00:20] Prevents Qh4.} e6 48. h6 Qh8 49. Qh5 {[%emt 0:03:21][%cal Oe2e4] Rxe4! is the strong threat.} Qh7 50. Qh4 Qh8 51. Rc2 Nf6 52. h7 (52. Kh3 $142) 52... b6 $2 (52... Qxh7 53. Qxh7+ Nxh7) 53. Rc6 Ng4+ 54. Kh3 $2 ({Only move:} 54. Kg3 $18 {Threatening mate with Qh5.} e5 55. Qh5 exf4+ 56. Kh4 Qf6+ 57. Qg5) 54... Qa1 $1 $11 55. Rc7+ Kxc7 56. Qe7+ Kb8 $1 57. Qxd6+ Kb7 58. Qe7+ Kb8 59. Qe8+ Ka7 {[%emt 0:00:19] Hoping for ...Qh1+.} 60. Qd7+ Kb8 61. Qd6+ Ka7 {[%emt 0:00:24] ( -> ...Nf2+)} 62. Qc7+ Ka8 63. Qc8+ Ka7 {[%emt 0:00:02] Threatens to win with ...Qh1+.} 64. Qc7+ {[%emt 0:00:40] The position is equal.} Ka8 65. Qd8+ Kb7 {[%emt 0:00:10] aiming for ...Qh1+.} 66. Qd7+ Kb8 {[%emt 0:00:07] Black escapes into a draw.  Weighted Error Value: White=0.47/Black=0.48} 1/2-1/2

[Event "44th Chess Olympiad Women 2022"]
[Site "Chennai"]
[Date "2022.07.30"]
[Round "2.37"]
[White "Mayrhuber, Nikola"]
[Black "Zavala Galindo, Alejandra Beatriz"]
[Result "1-0"]
[ECO "E76"]
[WhiteElo "2141"]
[BlackElo "1748"]
[Annotator "TA"]
[PlyCount "55"]
[EventDate "2022.07.29"]
[EventType "team-tourn"]
[EventCountry "IND"]
[SourceTitle "playchess.com"]
[Source "ChessBase"]
[SourceQuality "1"]
[WhiteTeam "Austria"]
[BlackTeam "El Salvador"]
[WhiteTeamCountry "AUT"]
[BlackTeamCountry "ESA"]
[TimeControl "40/5400+30:1800+30"]

1. d4 Nf6 2. c4 c5 3. d5 d6 4. Nc3 e6 5. e4 g6 6. dxe6 fxe6 7. f4 Nc6 8. Nf3 a6 9. Bd3 Bg7 10. O-O O-O {[%emt 0:06:12] [#]} 11. Ng5 $146 {[%emt 0:00:52] E76: King's Indian: Four Pawns Attack: Lines specific to 6 Nf3 move-order.} ({Predecessor:} 11. a3 Rb8 12. Qe1 Nh5 13. Ne2 e5 14. fxe5 Nxe5 15. Nxe5 Bxe5 16. Rb1 Rxf1+ 17. Qxf1 Bg4 18. h3 Qh4 {0-1 (27) Atanasova,E (1743)-Nestorova,L (2051) Plovdiv 2011}) 11... Nd4 12. e5 Ne8 {[%emt 0:06:08][%mdl 8192] [#]} (12... dxe5 $1 $14 13. fxe5 Nd7) 13. Nxh7 $1 $18 {[%emt 0:08:43] White has a decisive advantage.} Nf5 $2 (13... Rf5) 14. Nxf8 Kxf8 15. g4 Ne7 16. Be3 b6 17. Qc2 d5 18. Bf2 Bb7 19. Rad1 Qc7 20. Bh4 Kg8 21. cxd5 Nxd5 22. Nxd5 Bxd5 23. Be4 Qc6 {[%emt 0:01:30] [#]} 24. Rxd5 $1 exd5 25. Bxg6 {[%emt 0:00:05] A strong pair of Bishops.} Nc7 26. Qf5 {[%emt 0:01:14] White wants to mate with Bf7+.} d4 27. Bf7+ Kh8 28. Bf6 {[%emt 0:00:44] White took control after the opening.  Weighted Error Value: White=0.37/Black=1.01} 1-0

[Event "44th Chess Olympiad Women 2022"]
[Site "Chennai"]
[Date "2022.07.30"]
[Round "2.37"]
[White "Garcia, Angie"]
[Black "Trippold, Denise"]
[Result "0-1"]
[ECO "B48"]
[WhiteElo "1894"]
[BlackElo "2151"]
[Annotator "TA"]
[PlyCount "94"]
[EventDate "2022.07.29"]
[EventType "team-tourn"]
[EventCountry "IND"]
[SourceTitle "playchess.com"]
[Source "ChessBase"]
[SourceQuality "1"]
[WhiteTeam "El Salvador"]
[BlackTeam "Austria"]
[WhiteTeamCountry "ESA"]
[BlackTeamCountry "AUT"]
[TimeControl "40/5400+30:1800+30"]

1. e4 c5 2. Nf3 e6 3. d4 cxd4 4. Nxd4 Nc6 5. Nc3 Qc7 6. Be3 a6 7. Qd2 {[%emt 0:01:23] 7.g4 gains popularity.} Nf6 8. O-O-O Be7 {[%emt 0:00:47] B48: Sicilian: Taimanov: 5 Nc3 Qc7 6 Be3 a6 without Be2.} 9. f3 b5 10. Kb1 {[%emt 0:04:08] has lost popularity (10.g4).} Bb7 {[%emt 0:01:34] The position is equal.} 11. g4 (11. Bf4 {with more complications.} e5 12. Nf5 exf4 13. Nd5) 11... Nxd4 12. Bxd4 O-O 13. Bxf6 (13. Rg1 $11 {keeps the balance.}) 13... Bxf6 $17 14. Qxd7 {[%emt 0:00:33] [#]} Qc5 $146 ({Predecessor:} 14... Qb6 15. Qd2 b4 16. Ne2 Rfd8 17. Qe1 Rxd1+ 18. Qxd1 Rd8 19. Qc1 Qf2 20. Nf4 Qxf3 {0-1 (28) Borges Feria,Y (2416)-Quesada Perez,Y (2513) Monterrey 2015}) 15. Qd6 $11 ({Wrong is} 15. Qxb7 $2 Bxc3 16. bxc3 Ra7 $19) 15... Qf2 (15... Qa7 $5 16. Be2 Rac8 $15) 16. Qg3 Qc5 17. Qd6 Qf2 (17... Qa7 $5 18. Be2 Rac8 $15) 18. Qg3 Qxg3 19. hxg3 Bxc3 20. bxc3 Rac8 21. Kb2 f5 22. gxf5 exf5 23. Bd3 (23. Bh3 $16) 23... Rc5 24. Rh5 {[%emt 0:04:39] Black must now prevent g4.} Rfc8 (24... g6 $11 25. Rg5 Kg7 26. exf5 Bxf3 27. f6+ Rxf6 28. Rxc5 Bxd1) 25. Rxf5 $16 Rxf5 {[%emt 0:00:06][%mdl 64] Remove Defender} 26. exf5 Bxf3 {[%emt 0:00:09][%mdl 4096] Endgame KRB-KRB} 27. Re1 Kf7 28. Re6 Bb7 (28... Rc6 $142) 29. g4 Rc5 {[%emt 0:03:07] [#]} ({Black should try} 29... Bf3) 30. Rb6 $1 Bc8 31. Kb3 h5 {[%emt 0:04:13] [#]} (31... Ke7 $16 32. Kb4 (32. c4 bxc4+ 33. Bxc4 h5 $16) 32... Rc7) 32. gxh5 (32. Kb4 $1 $18 Re5 33. Rb8 (33. gxh5 Bxf5 34. Rxa6 Bxd3 $16)) 32... Bxf5 33. h6 (33. Rxa6 Bxd3 34. cxd3 Rxh5 $16) 33... gxh6 34. Rxh6 {[%emt 0:00:11] Hoping for Kb4.} ({Much less strong is} 34. Rxa6 Bxd3 35. cxd3 h5) 34... Be6+ 35. Kb2 (35. Kb4 $16 Rg5 36. Rh7+ Ke8 37. a3) 35... Ke7 $14 36. Rh7+ Kd6 37. Ra7 Bc8 38. Kb3 Kc6 39. c4 Kb6 40. Re7 bxc4+ 41. Bxc4 Bf5 42. Re2 Rc6 43. Bd5 Rh6 44. c4 Rh3+ 45. Kb4 $2 (45. Kb2 $11) 45... a5+ {[%emt 0:00:32] Black mates.} 46. Ka4 Bd7+ 47. Bc6 Bxc6# {[%emt 0:01:40] What a bad dream for White.  Weighted Error Value: White=0.37/Black=0.15 (very precise)} 0-1

[Event "44th Chess Olympiad Women 2022"]
[Site "Chennai"]
[Date "2022.07.30"]
[Round "2.37"]
[White "Herrera, Marjorie"]
[Black "Hapala, Elisabeth"]
[Result "0-1"]
[ECO "B23"]
[WhiteElo "1760"]
[BlackElo "2113"]
[Annotator "TA"]
[PlyCount "86"]
[EventDate "2022.07.29"]
[EventType "team-tourn"]
[EventCountry "IND"]
[SourceTitle "playchess.com"]
[Source "ChessBase"]
[SourceQuality "1"]
[WhiteTeam "El Salvador"]
[BlackTeam "Austria"]
[WhiteTeamCountry "ESA"]
[BlackTeamCountry "AUT"]
[TimeControl "40/5400+30:1800+30"]

1. e4 c5 2. Nc3 e6 3. f4 d5 4. Bb5+ Bd7 5. Bxd7+ Qxd7 6. exd5 {[%emt 0:01:18] B23: Closed Sicilian: Lines without g3.} exd5 7. Qe2+ Be7 8. Nf3 {[%emt 0:02:50] Black is slightly better.} Nc6 9. Ne5 Nxe5 {[%emt 0:19:58] [#]} 10. Qxe5 $146 (10. fxe5 $11 Nh6 11. O-O) ({Predecessor:} 10. fxe5 O-O-O 11. O-O Nh6 12. d4 Nf5 13. dxc5 Bxc5+ 14. Kh1 Rhe8 15. Qd3 g6 16. Bg5 {0-1 (40) Hund,B (2129)-Johansson,G (2217) Stockholm 2016}) 10... Nf6 11. O-O O-O 12. d3 Rfe8 {[%emt 0:03:35] ...Bf8 is the strong threat.} 13. Qe1 c4 {[%emt 0:18:49] Strongly threatening ...Bc5+.} 14. Kh1 Bb4 15. Qg3 Bxc3 (15... d4 $19 {and Black stays clearly on top.} 16. Nd1 Rac8) 16. bxc3 $17 Qf5 {[%emt 0:00:41] Black is more active.} 17. Ba3 (17. Qf3 $15) 17... Re2 18. Rfe1 (18. Rac1 $17) 18... Rae8 19. Rxe2 (19. Bd6 $142) 19... Rxe2 $19 20. Re1 (20. Rc1 {was necessary.}) 20... cxd3 ({Not} 20... Rxc2 $2 21. dxc4 dxc4 22. Qf3) ({But not} 20... Qxf4 $2 21. Rc1 Qxg3 22. hxg3) 21. cxd3 {[%emt 0:00:35] [#]} Qxd3 22. Rxe2 Qxe2 {[%emt 0:00:02][%cal Re2f1][%mdl 4096] Endgame KQB-KQN} 23. h3 Nh5 24. Qg5 {[%emt 0:01:13] [#] White threatens Qd8+ and mate.} Qf1+ $1 25. Kh2 Qxf4+ 26. Qxf4 Nxf4 {[%emt 0:00:01] KB-KN} 27. Bc1 Ne6 28. Be3 a6 29. g4 f6 {[%emt 0:00:28] Black is clearly winning.} 30. Kg3 Kf7 31. h4 g6 32. Bb6 h5 33. gxh5 (33. Ba5 $142 Nc5 34. gxh5 gxh5 35. Kf2) 33... gxh5 34. Kf3 Kg6 35. Kg3 Kf5 {[%emt 0:00:06] Hoping for ...Ke4.} 36. Kf3 Nf4 37. Bf2 Nd3 38. Bb6 Ne5+ 39. Kg3 Ke4 40. Bd4 f5 41. Bb6 f4+ 42. Kg2 Ng4 43. Bg1 Ne3+ {[%emt 0:00:56] Weighted Error Value: White=0.65/Black=0.19 (very precise)} 0-1

[Event "44th Chess Olympiad Women 2022"]
[Site "Chennai"]
[Date "2022.07.30"]
[Round "2.38"]
[White "Mahdian, Anousha"]
[Black "Silva Rosas, Natalia"]
[Result "1-0"]
[ECO "A04"]
[WhiteElo "2161"]
[BlackElo "1780"]
[Annotator "TA"]
[PlyCount "125"]
[EventDate "2022.07.29"]
[EventType "team-tourn"]
[EventCountry "IND"]
[SourceTitle "playchess.com"]
[Source "ChessBase"]
[SourceQuality "1"]
[WhiteTeam "Iran"]
[BlackTeam "Uruguay"]
[WhiteTeamCountry "IRI"]
[BlackTeamCountry "URU"]
[TimeControl "40/5400+30:1800+30"]

1. Nf3 f5 2. d3 g6 3. e4 d6 4. exf5 Bxf5 5. d4 c6 6. Bd3 {[%emt 0:00:09] A04: Unusual lines after 1 Nf3 and King's Indian Attack.} Nf6 7. Bxf5 Qa5+ 8. Nc3 {[%emt 0:03:04] White is better.} Qxf5 {[%emt 0:00:08] [#]} 9. h3 $146 ({Predecessor:} 9. Qe2 Na6 10. O-O Nc7 11. Re1 O-O-O 12. Ng5 Re8 13. Ne6 Nxe6 14. Qxe6+ Qxe6 15. Rxe6 Kd7 16. Re2 Bg7 17. f3 Nd5 18. Nxd5 cxd5 {½-½ (18) De Verdier,M (2147)-Ondrejat,M (2074) Marianske Lazne 2008}) 9... Bg7 10. Be3 Na6 11. a3 Nc7 12. g4 (12. O-O $11) 12... Qd7 $15 13. Bg5 (13. Ng5 $15) 13... Ncd5 (13... O-O $17 {[%cal Of6g4] White must now prevent ...Nxg4!} 14. Be3 b6) 14. Nxd5 cxd5 15. Bxf6 Qe6+ 16. Qe2 Qxe2+ 17. Kxe2 Bxf6 18. Rhe1 Rc8 19. c3 g5 20. h4 h6 21. Rh1 Kf7 22. Rad1 Rcg8 23. Rdg1 e5 24. dxe5 dxe5 25. h5 Rc8 26. Rd1 Rhd8 27. Nd2 {[%emt 0:00:54] Prevents Rc4.} Rc6 28. Rh3 Rb6 29. b4 Ra6 30. Rd3 $2 {[%emt 0:03:51] [#]} (30. c4 $11 {and White has nothing to worry.}) 30... Ke8 $2 ({Weaker is} 30... Rxa3 31. Ne4 $11) (30... e4 $1 $19 31. Re3 (31. Nxe4 $2 Re8 $19) 31... Rxa3) 31. c4 $14 d4 32. Ne4 Be7 33. Rf3 Rc8 34. Rc1 Rd8 35. Rd3 Kd7 36. Ng3 Rf6 37. Nf5 Bf8 38. Kf3 Rc8 {[%emt 0:01:03] White now steadily converts the win.} 39. Ke4 Ke6 40. Rc2 {[%emt 0:01:15] 0x0.002361109b5fdp-1022s more active pieces.} b5 (40... Rf7 $16) 41. c5 $18 a5 (41... Rf7 {was called for.} 42. a4 a5) 42. bxa5 Rf7 43. Rb3 {[%emt 0:00:00] Dancing on a razor blade.} Rfc7 44. Rxb5 Bxc5 45. a6 Rc6 46. Ra5 Bb6 47. Rxc6+ Rxc6 48. a7 Bxa7 49. Rxa7 {[%emt 0:00:00][%mdl 4096] Endgame KRN-KR} Rc3 50. Ra6+ Kf7 51. Kxe5 d3 52. Nxh6+ Kg7 53. Nf5+ Kh7 54. Rh6+ Kg8 55. Rd6 {[%emt 0:00:00] White mates.} Rxa3 56. Kf6 Ra2 57. Kg6 Ra8 58. Rxd3 Kh8 59. Rd7 Rg8+ 60. Kh6 Re8 61. Rh7+ Kg8 62. Ne7+ Kf8 63. Ng6+ {[%emt 0:00:00] Weighted Error Value: White=0.25 (precise) /Black=0.51} 1-0